 Dungeon Crawl Stone Soup version 0.19.1-1-g22dce08 (webtiles) character file.

202 Messajah the Shield-Bearer (level 5, -5/46 HPs)
             Began as a Minotaur Fighter on Jan 17, 2017.
             Killed by nerve-wracking pain
             ... invoked by an orc priest
              (12 damage)
             ... on level 4 of the Dungeon.
             The game lasted 00:34:50 (2875 turns).

Messajah the Shield-Bearer (Minotaur Fighter)       Turns: 2875, Time: 00:34:50

Health: -5/46      AC:  7    Str: 22    XL:     5   Next: 50%
Magic:  13/13      EV:  7    Int:  5    God:
Gold:   170        SH: 10    Dex:  9    Spells: 0 memorised, 4 levels left

rFire  . . .     SeeInvis .     a - +0 long sword
rCold  . . .     Gourm    .     b - +0 scale mail
rNeg   . . .     Faith    .     c - +0 shield
rPois  .         Spirit   .     (helmet restricted)
rElec  .         Reflect  .     (no cloak)
rCorr  .         Harm     +     (no gloves)
MR     .....                    (no boots)
Stlth  ..........               l - amulet of harm
                                (no ring)
                                q - ring of magical power

@: no status effects
A: retaliatory headbutt, horns 2
a: no special abilities


You were on level 4 of the Dungeon.
You were not hungry.

You visited 1 branch of the dungeon, and saw 4 of its levels.

You collected 170 gold pieces.

Inventory:

Hand Weapons
 a - a +0 long sword (weapon)
 n - a +0 hunting sling
Missiles
 e - 91 stones (quivered)
 p - 24 bolts
 s - 33 arrows
 w - 12 sling bullets
Armour
 b - a +0 scale mail (worn)
 c - a +0 shield (worn)
Jewellery
 l - an amulet of harm (around neck)
 q - a ring of magical power (left hand)
Wands
 t - a wand of lightning (11/15)
Scrolls
 k - a scroll of fear
 r - 4 scrolls of remove curse
Potions
 d - a potion of might
 g - a potion of ambrosia {unknown}
 i - 2 potions of lignification {unknown}
 j - a potion of degeneration
 o - a potion of curing {unknown}
 u - a potion of agility {unknown}
Comestibles
 f - 2 bread rations
 m - a meat ration


   Skills:
 - Level 4.2 Fighting
 * Level 4.6 Long Blades
 - Level 4.7 Armour
 - Level 5.0 Shields


You had 4 spell levels left.
You didn't know any spells.

Dungeon Overview and Level Annotations

Branches:
Dungeon (4/15)
 Temple: D:4-7

Altars:


Innate Abilities, Weirdness & Mutations

You reflexively headbutt those who attack you in melee.
You have a pair of horns on your head.


Message History

The orc priest is severely wounded.
You block the orc priest's attack. x2
You hit the orc priest.
The orc priest is severely wounded.
The orc priest begins to cast a cantrip, but forgets the words!
You closely miss the orc priest.
The orc priest is severely wounded.
The orc priest closely misses you. You furiously retaliate!
You headbutt the orc priest, but do no damage.
You barely miss the orc priest.
The orc priest is severely wounded.
The orc priest hits you with a flail.
You hit the orc priest but do no damage.
The orc priest is severely wounded.
The orc priest mumbles some strange prayers to Beogh against you.
Pain shoots through your body!
* * * LOW HITPOINT WARNING * * *
The orc priest mumbles some strange prayers to Beogh against you.
Pain shoots through your body!
You die...

......# ......#
......# ......#
......# .......
###########....#
+@..oo.O.)[....+
###########...)#
....# ....#
....# ....#
.o..# ....#


You could see an ogre, an orc priest and an orc.

Vanquished Creatures
  A hound (D:4)
  7 adders
  An ooze (D:1)
  4 worms
  4 dart slugs
  2 leopard geckos (D:1)
  4 orcs
  2 giant cockroaches
  8 goblins
  12 hobgoblins
  5 jackals
  A quokka (D:3)
  3 ball pythons
  7 bats
  2 frilled lizards
  7 kobolds
  11 rats
81 creatures vanquished.

Notes
Turn   | Place    | Note
-------+----------+-------------------------------------------
     0 | D:1      | Messajah the Minotaur Fighter began the quest for the Orb.
     0 | D:1      | Reached XP level 1. HP: 19/19 MP: 0/0
   330 | D:1      | Reached XP level 2. HP: 27/27 MP: 1/1
   349 | D:1      | Reached skill level 4 in Shields
   609 | D:1      | Reached XP level 3. HP: 29/33 MP: 2/2
  1462 | D:2      | Reached XP level 4. HP: 40/40 MP: 3/3
  2120 | D:3      | Reached skill level 5 in Shields
  2481 | D:3      | Reached XP level 5. HP: 34/46 MP: 4/4
  2849 | D:4      | Noticed an ogre
  2875 | D:4      | Killed from afar by an orc priest

Skill      XL: |  1  2  3  4  5 |
---------------+----------------+-----
Shields        | 4 5 |  5.0
Fighting       | 4 |  4.2
Armour         | 4 |  4.7
Long Blades    | 3 4 |  4.6

Action                   |  1- 3 |  4- 6 || total
-------------------------+-------+-------++-------
Melee: Long sword        |    91 |   105 ||   196
       Headbutt          |    22 |     7 ||    29
  Use: Scroll            |       |     8 ||     8
  Eat: Chunk             |     1 |     4 ||     5
       Pizza             |     1 |       ||     1
Armor: Scale mail        |    46 |    48 ||    94
       Robe              |       |     3 ||     3
Dodge: Dodged            |    27 |    41 ||    68
Block: Shield            |    58 |    68 ||   126
       Rpst.: Long sword |     7 |    12 ||    19
